TOP OF THE 1ST |
Augusta GreenJackets batting - Pitching for Greensboro Grasshoppers : RHP Cory Levine
|
Pitching: RHP Cory Levine
|
|
Batting: RHB Jonathan Reece
|
0-0: Ball 1-0: Called Strike 1-1: Fly out, F8 (Flyball, 8RM, EV 71.9 MPH)
|
Batting: LHB Gil Caraveo
|
0-0: Ground out 1-3 (Groundball, 15S, EV 69.4 MPH)
|
Batting: LHB Jared Paige
|
0-0: SOLO HOME RUN (Flyball, 89XD, EV 115.0 MPH), Distance : 430 ft
|
Batting: LHB Gabe Velez
|
0-0: Ball 1-0: Ground out 5-3 (Groundball, 5, EV 102.5 MPH)
|
Top of the 1st over - 1 run, 1 hit, 0 errors, 0 left on base; Augusta 1 - Greensboro 0 |
BOTTOM OF THE 1ST |
Greensboro Grasshoppers batting - Pitching for Augusta GreenJackets : RHP John Bittinger
|
Pitching: RHP John Bittinger
|
|
Batting: RHB Akira Suzuki
|
0-0: Swinging Strike 0-1: Called Strike 0-2: Foul Ball, location: 2F 0-2: Ball 1-2: Ball 2-2: Strikes out swinging
|
Batting: LHB Ryan Karg
|
0-0: Swinging Strike 0-1: DOUBLE (Groundball, 3L, EV 96.2 MPH)
|
Batting: RHB Manuel Taveras
|
0-0: Called Strike 0-1: Ball 1-1: Foul Ball, location: 2F 1-2: Foul Ball, location: 2F 1-2: Foul Ball, location: 2F 1-2: Ball 2-2: Strikes out swinging
|
Batting: SHB Matt Moore
|
0-0: Ball 1-0: SINGLE (Line Drive, 3D, EV 95.6 MPH) Ryan Karg to third Runner from 3rd tries for Home, throw by RF and OUT! 9-2
|
Bottom of the 1st over - 0 runs, 2 hits, 0 errors, 1 left on base; Augusta 1 - Greensboro 0 |
TOP OF THE 2ND |
Augusta GreenJackets batting - Pitching for Greensboro Grasshoppers : RHP Cory Levine
|
Batting: RHB Matt Shepard
|
0-0: Ball 1-0: Foul Ball, location: 2F 1-1: Foul Ball, location: 2F 1-2: Strikes out swinging
|
Batting: RHB Drew Duncan
|
0-0: Ball 1-0: Ball 2-0: Called Strike 2-1: Called Strike 2-2: SOLO HOME RUN (Flyball, 7D, EV 95.6 MPH), Distance : 363 ft
|
Batting: LHB James Wheaton
|
0-0: Called Strike 0-1: Ball 1-1: Foul Ball, location: 2F 1-2: Strikes out swinging
|
Batting: RHB Mike Jones
|
0-0: Called Strike 0-1: Ball 1-1: SINGLE (Groundball, 6MD, EV 102.5 MPH)
|
Batting: RHB Gabe Ochoa
|
0-0: Ball 1-0: Ground out 4-3 (Groundball, 34, EV 83.1 MPH)
|
Top of the 2nd over - 1 run, 2 hits, 0 errors, 1 left on base; Augusta 2 - Greensboro 0 |
BOTTOM OF THE 2ND |
Greensboro Grasshoppers batting - Pitching for Augusta GreenJackets : RHP John Bittinger
|
Batting: RHB Nate Crofts
|
0-0: Ball 1-0: Called Strike 1-1: Foul Ball, location: 2F 1-2: DOUBLE (Groundball, 3L, EV 100.0 MPH)
|
Batting: LHB Jose Cabello
|
0-0: Ground out 4-3 (Groundball, 4, EV 88.8 MPH) Nate Crofts to third
|
Batting: RHB J.D. Vander Klok
|
0-0: Called Strike 0-1: Ball 1-1: Ball 2-1: Swinging Strike 2-2: Ground out U3 (Groundball, 3S, EV 84.4 MPH)
|
Batting: RHB Dennis Coppolino
|
0-0: Called Strike 0-1: Foul Ball, location: 2F 0-2: Ground out 4-3 (Groundball, 34, EV 82.5 MPH)
|
Bottom of the 2nd over - 0 runs, 1 hit, 0 errors, 1 left on base; Augusta 2 - Greensboro 0 |
TOP OF THE 3RD |
Augusta GreenJackets batting - Pitching for Greensboro Grasshoppers : RHP Cory Levine
|
Batting: RHB Jonathan Reece
|
0-0: Hit by Pitch
|
Pinch Runner at 1st Pong-keun Koh:
|
|
Batting: LHB Gil Caraveo
|
0-0: Called Strike 0-1: Called Strike 0-2: Ball 1-2: Foul Ball, location: 2F 1-2: Ball 2-2: Ball 3-2: Base on Balls Pong-keun Koh to second
|
Batting: LHB Jared Paige
|
0-0: Ball 1-0: Fly out, F9 (Flyball, 9LS, EV 94.4 MPH)
|
Batting: LHB Gabe Velez
|
0-0: Ball 1-0: Ball 2-0: Called Strike 2-1: Fielders Choice at 2nd, 4-6 (Groundball, 4, EV 102.5 MPH) Pong-keun Koh to third
|
Batting: RHB Matt Shepard
|
0-0: Foul Ball, location: 2F 0-1: Fly out, F9 (Flyball, 9D, EV 100.0 MPH)
|
Top of the 3rd over - 0 runs, 0 hits, 0 errors, 2 left on base; Augusta 2 - Greensboro 0 |
BOTTOM OF THE 3RD |
Greensboro Grasshoppers batting - Pitching for Augusta GreenJackets : RHP John Bittinger
|
Batting: RHB Chris Alft
|
0-0: Ball 1-0: Ball 2-0: Ball 3-0: Called Strike 3-1: Foul Ball, location: 2F 3-2: Base on Balls
|
Batting: RHB Akira Suzuki
|
0-0: Ball 1-0: Swinging Strike 1-1: Foul Ball, location: 2F 1-2: Strikes out swinging
|
Batting: RHB Nick Dunton
|
0-0: Called Strike 0-1: Swinging Strike 0-2: Ball 1-2: Fielders Choice at 2nd, 3-6 (Groundball, 34, EV 89.4 MPH)
|
Batting: RHB Manuel Taveras
|
0-0: Called Strike Nick Dunton is caught stealing 2nd base 2-4
|
Bottom of the 3rd over - 0 runs, 0 hits, 0 errors, 0 left on base; Augusta 2 - Greensboro 0 |
TOP OF THE 4TH |
Augusta GreenJackets batting - Pitching for Greensboro Grasshoppers : RHP Cory Levine
|
Batting: RHB Drew Duncan
|
0-0: DOUBLE (Line Drive, 89XD, EV 108.8 MPH)
|
Batting: LHB James Wheaton
|
0-0: Ball 1-0: Called Strike 1-1: Swinging Strike 1-2: Ball 2-2: Ground out 4-3 (Groundball, 4, EV 108.1 MPH) Drew Duncan to third
|
Batting: RHB Mike Jones
|
0-0: Foul Ball, location: 2F 0-1: Foul Ball, location: 2F 0-2: Foul Ball, location: 2F 0-2: Ball 1-2: Ground out 4-3 (Groundball, 4, EV 88.1 MPH) Drew Duncan scores
|
Batting: RHB Gabe Ochoa
|
0-0: Ball 1-0: Ball 2-0: Ball 3-0: Called Strike 3-1: Foul Ball, location: 2F 3-2: Base on Balls
|
Batting: LHB Pong-keun Koh
|
0-0: Ball 1-0: Ball 2-0: Called Strike 2-1: Foul Ball, location: 2F 2-2: Strikes out swinging
|
Top of the 4th over - 1 run, 1 hit, 0 errors, 1 left on base; Augusta 3 - Greensboro 0 |
BOTTOM OF THE 4TH |
Greensboro Grasshoppers batting - Pitching for Augusta GreenJackets : RHP John Bittinger
|
Batting: RHB Manuel Taveras
|
0-0: Foul Ball, location: 2F 0-1: Called Strike 0-2: Strikes out looking
|
Batting: SHB Matt Moore
|
0-0: Foul Ball, location: 2F 0-1: Ball 1-1: Ball 2-1: Foul Ball, location: 2F 2-2: Ball 3-2: Foul Ball, location: 2F 3-2: Base on Balls
|
Batting: RHB Nate Crofts
|
0-0: Ball 1-0: Grounds into double play, 6-4-3 (Groundball, 6, EV 101.2 MPH)
|
Bottom of the 4th over - 0 runs, 0 hits, 0 errors, 0 left on base; Augusta 3 - Greensboro 0 |
TOP OF THE 5TH |
Augusta GreenJackets batting - Pitching for Greensboro Grasshoppers : RHP Cory Levine
|
Batting: LHB Gil Caraveo
|
0-0: Called Strike 0-1: Swinging Strike 0-2: Foul Ball, location: 2F 0-2: Strikes out looking
|
Batting: LHB Jared Paige
|
0-0: SINGLE (Groundball, 6MD, EV 99.4 MPH)
|
Batting: LHB Gabe Velez
|
0-0: Ball 1-0: Called Strike 1-1: Foul Ball, location: 2F 1-2: Foul Ball, location: 2F 1-2: Ball 2-2: Ball 3-2: Foul Ball, location: 2F 3-2: Foul Ball, location: 2F 3-2: Ground out U3 (Groundball, 3, EV 86.2 MPH) Jared Paige to second
|
Batting: RHB Matt Shepard
|
0-0: Ball 1-0: Ball 2-0: Ball 3-0: Called Strike 3-1: Fly out, F8 (Flyball, 89M, EV 88.1 MPH)
|
Top of the 5th over - 0 runs, 1 hit, 0 errors, 1 left on base; Augusta 3 - Greensboro 0 |
BOTTOM OF THE 5TH |
Greensboro Grasshoppers batting - Pitching for Augusta GreenJackets : RHP John Bittinger
|
Batting: LHB Jose Cabello
|
0-0: Called Strike 0-1: Ball 1-1: Ball 2-1: Called Strike 2-2: SINGLE (Line Drive, 78M, EV 99.4 MPH)
|
Batting: RHB J.D. Vander Klok
|
0-0: Ball Jose Cabello steals 2nd base 1-0: Called Strike 1-1: SINGLE (Groundball, P, EV 79.4 MPH) (infield hit) Jose Cabello to third
|
Batting: RHB Dennis Coppolino
|
0-0: Called Strike 0-1: Ball 1-1: Foul Ball, location: 2F 1-2: Strikes out swinging
|
Batting: RHB Chris Alft
|
0-0: Ball 1-0: Called Strike 1-1: SINGLE (Groundball, 56D, EV 108.1 MPH) Jose Cabello scores J.D. Vander Klok to second
|
Batting: RHB Akira Suzuki
|
0-0: SINGLE (Line Drive, 9S, EV 98.1 MPH) J.D. Vander Klok to third Chris Alft to second
|
Batting: RHB Nick Dunton
|
0-0: Called Strike 0-1: Foul Ball, location: 2F 0-2: Ball 1-2: Fly out, F8 (Flyball, 8LD, EV 88.8 MPH) Runner from 3rd tags up, SCORES, throw by CF
|
Batting: RHB Manuel Taveras
|
0-0: Ball 1-0: Ball 2-0: Called Strike 2-1: Ball 3-1: Base on Balls Chris Alft to third Akira Suzuki to second
|
Batting: SHB Matt Moore
|
0-0: Ball 1-0: Ball 2-0: Called Strike 2-1: Ball 3-1: Base on Balls Chris Alft scores Akira Suzuki to third Manuel Taveras to second
|
Pitching: RHP Dylan Mosley
|
|
Batting: RHB Nate Crofts
|
0-0: Ball 1-0: Ball 2-0: Ball 3-0: Base on Balls Akira Suzuki scores Manuel Taveras to third Matt Moore to second
|
Batting: LHB Jose Cabello
|
0-0: Ball 1-0: Ball 2-0: Ball 3-0: Foul Ball, location: 2F 3-1: Foul Ball, location: 2F 3-2: Foul Ball, location: 2F 3-2: SINGLE (Groundball, 4, EV 100.0 MPH) Manuel Taveras scores Matt Moore to third Nate Crofts to second Matt Moore scores Nate Crofts to third
|
Batting: RHB J.D. Vander Klok
|
0-0: Fielders Choice at 2nd, 5-4 (Groundball, 56, EV 91.2 MPH)
|
Bottom of the 5th over - 6 runs, 5 hits, 0 errors, 2 left on base; Augusta 3 - Greensboro 6 |
TOP OF THE 6TH |
Augusta GreenJackets batting - Pitching for Greensboro Grasshoppers : RHP Cory Levine
|
Pitching: RHP Joe Lynn
|
|
Batting: RHB Drew Duncan
|
0-0: Ball 1-0: Swinging Strike 1-1: Swinging Strike 1-2: DOUBLE (Line Drive, 78XD, EV 103.8 MPH)
|
Batting: LHB James Wheaton
|
0-0: Called Strike 0-1: Ball 1-1: Called Strike 1-2: Foul Ball, location: 2F 1-2: Strikes out swinging
|
Batting: RHB Mike Jones
|
0-0: Reached on error, E5 (Groundball, 56S, EV 89.4 MPH) Drew Duncan scores
|
Batting: RHB Gabe Ochoa
|
0-0: Called Strike 0-1: Foul Ball, location: 2F 0-2: Ball 1-2: Ball 2-2: Foul Ball, location: 2F 2-2: Ball 3-2: Strikes out swinging
|
Batting: LHB Pong-keun Koh
|
0-0: Swinging Strike 0-1: Swinging Strike Balk! Mike Jones to third 0-2: Ball 1-2: Foul Ball, location: 2F 1-2: Ball 2-2: Strikes out swinging
|
Top of the 6th over - 1 run, 1 hit, 1 error, 1 left on base; Augusta 4 - Greensboro 6 |
BOTTOM OF THE 6TH |
Greensboro Grasshoppers batting - Pitching for Augusta GreenJackets : RHP Dylan Mosley
|
Batting: RHB Dennis Coppolino
|
0-0: Ball 1-0: Swinging Strike 1-1: Ball 2-1: Swinging Strike 2-2: Strikes out swinging
|
Batting: RHB Chris Alft
|
0-0: Ground out 1-3 (Groundball, 15S, EV 71.9 MPH)
|
Batting: RHB Akira Suzuki
|
0-0: Foul Ball, location: 2F 0-1: Called Strike 0-2: SOLO HOME RUN (Line Drive, 7D, EV 98.1 MPH), Distance : 394 ft
|
Batting: RHB Nick Dunton
|
0-0: Called Strike 0-1: Foul Ball, location: 2F 0-2: Strikes out swinging
|
Bottom of the 6th over - 1 run, 1 hit, 0 errors, 0 left on base; Augusta 4 - Greensboro 7 |
TOP OF THE 7TH |
Augusta GreenJackets batting - Pitching for Greensboro Grasshoppers : RHP Joe Lynn
|
Pitching: LHP Geoff Goss
|
|
Batting: LHB Gil Caraveo
|
0-0: Ground out 4-3 (Groundball, 4, EV 78.8 MPH)
|
Batting: LHB Jared Paige
|
0-0: Called Strike 0-1: Ball 1-1: Ground out 5-3 (Groundball, 56, EV 85.6 MPH)
|
Batting: LHB Gabe Velez
|
0-0: Called Strike 0-1: Ball 1-1: Foul Ball, location: 2F 1-2: Ball 2-2: Strikes out swinging
|
Top of the 7th over - 0 runs, 0 hits, 0 errors, 0 left on base; Augusta 4 - Greensboro 7 |
BOTTOM OF THE 7TH |
Greensboro Grasshoppers batting - Pitching for Augusta GreenJackets : RHP Dylan Mosley
|
Pitching: LHP Jimmy Heinecke
|
|
Batting: RHB Manuel Taveras
|
0-0: Ball 1-0: Ball 2-0: Foul Ball, location: 2F 2-1: Called Strike 2-2: Foul Ball, location: 2F 2-2: Ball 3-2: SINGLE (Flyball, 89S, EV 90.0 MPH)
|
Batting: SHB Matt Moore
|
0-0: Called Strike 0-1: Swinging Strike 0-2: Ball 1-2: Foul Ball, location: 2F 1-2: Foul Ball, location: 2F 1-2: Strikes out looking
|
Batting: RHB Nate Crofts
|
0-0: Ball 1-0: Swinging Strike 1-1: Swinging Strike 1-2: Ball 2-2: Strikes out swinging
|
Batting: LHB Jose Cabello
|
0-0: Called Strike Manuel Taveras is caught stealing 2nd base 2-6
|
Bottom of the 7th over - 0 runs, 1 hit, 0 errors, 0 left on base; Augusta 4 - Greensboro 7 |
TOP OF THE 8TH |
Augusta GreenJackets batting - Pitching for Greensboro Grasshoppers : LHP Geoff Goss
|
Batting: RHB Matt Shepard
|
0-0: Ball 1-0: Ground out 6-3 (Groundball, 6, EV 106.9 MPH)
|
Batting: RHB Drew Duncan
|
0-0: Called Strike 0-1: Ground out U3 (Groundball, 34, EV 80.6 MPH)
|
Pinch Hitting: RHB Omar Jordan
|
0-0: Ball 1-0: Called Strike 1-1: Foul Ball, location: 2F 1-2: Ball 2-2: Foul Ball, location: 2F 2-2: Ball 3-2: Strikes out swinging
|
Top of the 8th over - 0 runs, 0 hits, 0 errors, 0 left on base; Augusta 4 - Greensboro 7 |
BOTTOM OF THE 8TH |
Greensboro Grasshoppers batting - Pitching for Augusta GreenJackets : LHP Jimmy Heinecke
|
Pitching: RHP Jonathan Simi
|
|
Now at 1B: Omar Jordan
|
|
Batting: LHB Jose Cabello
|
0-0: Swinging Strike 0-1: Ball 1-1: Ball 2-1: Ball 3-1: Foul Ball, location: 2F 3-2: Foul Ball, location: 2F 3-2: Strikes out swinging
|
Batting: RHB J.D. Vander Klok
|
0-0: Ball 1-0: Called Strike 1-1: Ball 2-1: Swinging Strike 2-2: Ball 3-2: Strikes out swinging
|
Batting: RHB Dennis Coppolino
|
0-0: Ball 1-0: Ball 2-0: Called Strike 2-1: Foul Ball, location: 2F 2-2: SOLO HOME RUN (Flyball, 7LD, EV 95.0 MPH), Distance : 347 ft
|
Batting: RHB Chris Alft
|
0-0: Ball 1-0: Ball 2-0: Foul Ball, location: 2F 2-1: Ball 3-1: SINGLE (Groundball, 56D, EV 94.4 MPH)
|
Batting: RHB Akira Suzuki
|
0-0: Foul Ball, location: 2F 0-1: Swinging Strike 0-2: Strikes out looking
|
Bottom of the 8th over - 1 run, 2 hits, 0 errors, 1 left on base; Augusta 4 - Greensboro 8 |
TOP OF THE 9TH |
Augusta GreenJackets batting - Pitching for Greensboro Grasshoppers : LHP Geoff Goss
|
Pitching: LHP Bryan Wedge
|
|
Batting: RHB Mike Jones
|
0-0: Ball 1-0: Foul Ball, location: 2F 1-1: SINGLE (Groundball, 56D, EV 100.0 MPH)
|
Batting: RHB Gabe Ochoa
|
0-0: Called Strike 0-1: Fly out, F7 (Flyball, 78M, EV 90.0 MPH)
|
Batting: LHB Pong-keun Koh
|
0-0: Foul Ball, location: 2F 0-1: Called Strike 0-2: Foul Ball, location: 2F 0-2: Ball 1-2: Ball 2-2: Ball 3-2: Strikes out swinging
|
Batting: LHB Gil Caraveo
|
0-0: Called Strike 0-1: Ball 1-1: Ball 2-1: Foul Ball, location: 2RF, Error on foul ball, E2 2-2: Strikes out swinging
|
Top of the 9th over - 0 runs, 1 hit, 1 error, 1 left on base; Augusta 4 - Greensboro 8 |
|